 Dungeon Sprint DCSS version 0.21-a0-41-g5e91fef (webtiles) character file.

10 Kidiri the Magician (level 2, -2/16 HPs)
             Began as a Deep Elf Fire Elementalist on June 4, 2017.
             Slain by a neqoxec (14 damage)
             ... in the Dungeon (Sprint II: "The Violet Keep of Menkaure").
             The game lasted 00:01:53 (678 turns).

Kidiri the Magician (Deep Elf Fire Elementalist)     Turns: 678, Time: 00:01:53

Health: -2/16      AC:  2    Str:  5    XL:     2   Next: 10%
Magic:  6/9        EV: 13    Int: 19    God:
Gold:   243        SH:  0    Dex: 15    Spells: 6/9 levels left

rFire    . . .     SeeInvis .   (no weapon)
rCold    . . .     Gourm    .   (no shield)
rNeg     . . .     Faith    .   a - +0 robe
rPois    .         Spirit   .   (no helmet)
rElec    .         Reflect  .   (no cloak)
rCorr    .         Harm     .   (no gloves)
MR       .....     NoTele   +   (no boots)
Stlth    ++........             (no amulet)
Regen    0.1/turn               (no ring)
MPRegen  0.2/turn               (no ring)

@: no status effects
A: no striking features
a: no special abilities


You were in the Dungeon.
You were not hungry.

You visited 1 branch You collected 243 gold pieces.

Inventory:

Armour
 a - a +0 robe (worn)
Scrolls
 i - a scroll of blinking
Potions
 e - a potion of heal wounds
 f - a potion of haste
 g - a potion of magic
 h - a potion of berserk rage
Books
 b - a book of Flames

   Spells                             Type                      Level
   a - Flame Tongue                   Conjuration/Fire             1
   b - Throw Flame                    Conjuration/Fire             2
   c - Conjure Flame                  Conjuration/Fire             3
   d - Inner Flame                    Hexes/Fire                   3
   e - Sticky Flame                   Conjuration/Fire             4
   f - Fireball                       Conjuration/Fire             5
Comestibles
 c - a bread ration
 d - a chunk of flesh


   Skills:
 + Level 0.8 Fighting
 + Level 1.0 Armour
 + Level 3.1 Dodging
 - Level 2.4 Stealth
 * Level 4.2 Spellcasting
 + Level 2.0 Conjurations
 + Level 3.7 Fire Magic


You had 6 spell levels left.
You knew the following spells:

 Your Spells              Type           Power        Failure   Level  Hunger
a - Flame Tongue          Conj/Fire      ###..        4%          1    None
b - Throw Flame           Conj/Fire      ###...       6%          2    #......


Dungeon Overview and Level Annotations

Branches:
Dungeon (1/1)

Altars:

Shops:
D %}!}!![=


Message History

Aiming: Flame Tongue
Press: ? - help, Shift-Dir - straight line, f - neqoxec
Aim: a neqoxec The flame tongue hits the neqoxec.
The neqoxec is moderately wounded.
Casting: Flame Tongue
Confirm with . or Enter, or press ? or * to list all spells.
Aiming: Flame Tongue
Press: ? - help, Shift-Dir - straight line, f/p - neqoxec
Aim: a neqoxec (moderately wounded)
The flame tongue misses the neqoxec.
The iron imp hits you. The neqoxec closely misses you.
Casting: Flame Tongue
Confirm with . or Enter, or press ? or * to list all spells.
Aiming: Flame Tongue
Press: ? - help, Shift-Dir - straight line, f/p - neqoxec
Aim: a neqoxec (moderately wounded)
The flame tongue misses the neqoxec.
The neqoxec hits you!
Ouch! That really hurt!
You die...

######≈ .....#≈ ##
## ⌠....#≈ ##. .##
.∩...#≈ .w w.
∩.∩..#≈ ### .#$ #
.∩.∩.#≈##.###+# .#
..∩.∩#≈#...##.##.#
+≈+##.+.535#
....∩#≈#.####@###
▓▓▓###≈##.# #+#
######≈ ### ##


You could see a neqoxec, an iron imp and a crimson imp.

Vanquished Creatures
  3 worms (D)
3 creatures vanquished.

Vanquished Creatures (others)
  Menkaure (D)
  A crocodile (D)
2 creatures vanquished.

Grand Total: 5 creatures vanquished

Notes
Turn   | Place    | Note
-------+----------+-------------------------------------------
     0 | D        | Kidiri the Deep Elf Fire Elementalist began the quest for the Orb.
     0 | D        | Reached XP level 1. HP: 10/10 MP: 6/6
    20 | D        | Killed Menkaure
    40 | D        | Killed a crocodile
   335 | D        | Reached skill level 4 in Spellcasting
   433 | D        | Found Poletem's Jewellery Shop.
   434 | D        | Found Vohegiat's Antique Armour Boutique.
   434 | D        | Found Puorph's Distillery.
   434 | D        | Found Nihucrik's Distillery.
   434 | D        | Found Ijeot's Distillery.
   434 | D        | Found Eleoham's Gadget Boutique.
   434 | D        | Found Legepali's Food Shop.
   434 | D        | Found Adeff's Gadget Shop.
   448 | D        | Reached skill level 1 in Armour
   448 | D        | Reached XP level 2. HP: 5/16 MP: 1/9
   571 | D        | Learned a level 2 spell: Throw Flame
   667 | D        | Noticed a tyrant leech
   667 | D        | Noticed a tyrant leech
   671 | D        | Noticed a neqoxec
   672 | D        | Noticed a crimson imp
   678 | D        | Slain by a neqoxec

Vault maps used:
D:        the_violet_keep_of_menkaure

Skill      XL: |  1 |
---------------+----+-----
Spellcasting   | 4 |  4.2
Armour         | 1 |  1.0
Dodging        | 3 |  3.1
Conjurations   | 2 |  2.0
Fighting       | |  0.8
Stealth        | |  2.4
Fire Magic     | |  3.7

Action                   || total
-------------------------++-------
 Cast: Flame Tongue      ||    21
  Use: Potion            ||     2
Armor: Robe              ||     1
Dodge: Dodged            ||     1
